AoeStats
← {VL} El Gran Capitán

Arena

509839748Analyzed
2v2 RM · 2d ago on Sep 28, 2026· 19m 37s· 4 players
Game mode
Random Map
Map size
Medium (4 player)
Population
200
Speed
Normal
Resources
Standard
Victory
Conquest
Starting age
Dark Age
Ending age
Imperial Age
RankedLock teamsTeams togetherTeam positionsShared explorationLock speedFull tech treeHidden civsTurbo modeCheats
Victory
Defeat
🇺🇸 Aztecs · United States
1124
+14
🇹🇼 Spanish · Taiwan
1115
+14
🇲🇽 Khmer · Mexico
1099
-15
🇪🇸 Spanish · Spain
1051
-13
AlverthXIII
8:08 Loom
12:02 Feudal Age
15:49 Wheelbarrow
15:03 Double-Bit Axe
{VL} El Gran Capitán
11:35 Feudal Age
9:53 Loom
17:13 Castle Age
Ahhh Harambe
11:22 Feudal Age
13:06 Loom
15:52 Castle Age
14:13 Horse Collar
16:13 Scale Mail Armor
18:04 Sanctity
18:22 Forging
19:13 Redemption
Miffybaba
10:53 Feudal Age
15:01 Castle Age
14:11 Stone Mining
15:42 Loom
18:36 Double-Bit Axe
18:43 Fletching
Connection lost

Rejoining the realm…

Still unreachable

The connection could not be restored.

Session expired

The server has moved on; the page needs a fresh start.